EL
PENSACOLA BLUE WAHOOS @ JACKSONVILLE SUNS
05/02/2045
 
TOP OF THE 1ST
Pensacola Blue Wahoos batting - Pitching for Jacksonville Suns : LHP Evan Baxter
Pitching: LHP Evan Baxter
Batting: RHB Solange Le Coq 0-0: Ball
1-0: Called Strike
1-1: Called Strike
1-2: Fly out, F7 (Flyball, 7, EV 85.6 MPH)
Batting: RHB Jon Marquez 0-0: Ball
1-0: Ground out 5-3 (Groundball, 25, EV 82.5 MPH)
Batting: RHB Bruno André 0-0: Ground out 5-3 (Groundball, 56S, EV 83.1 MPH)
Top of the 1st over - 0 runs, 0 hits, 0 errors, 0 left on base; Pensacola 0 - Jacksonville 0
BOTTOM OF THE 1ST
Jacksonville Suns batting - Pitching for Pensacola Blue Wahoos : LHP Bill Cooksey
Pitching: LHP Bill Cooksey
Batting: LHB Juan Solorzano 0-0: Called Strike
0-1: Foul Ball, location: 2F
0-2: Ball
1-2: Foul Ball, location: 2F
1-2: Ball
2-2: SINGLE (Groundball, 4, EV 94.4 MPH)
Batting: RHB Shelby Peddle 0-0: Grounds into double play, 6-4-3 (Groundball, 6, EV 106.2 MPH)
Batting: RHB Pat Peterson 0-0: Ball
1-0: Ball
2-0: Ball
3-0: Called Strike
3-1: Swinging Strike
3-2: Strikes out looking
Bottom of the 1st over - 0 runs, 1 hit, 0 errors, 0 left on base; Pensacola 0 - Jacksonville 0
TOP OF THE 2ND
Pensacola Blue Wahoos batting - Pitching for Jacksonville Suns : LHP Evan Baxter
Batting: RHB Danny Real 0-0: Reached on error, E6 (Groundball, 6, EV 81.9 MPH)
Batting: RHB Jamie Ingram 0-0: Ball
Wild Pitch!
Danny Real to third
1-0: SINGLE (Groundball, 56D, EV 96.9 MPH)
Danny Real scores
Batting: RHB Colin Lord 0-0: Ball
1-0: Swinging Strike
1-1: Swinging Strike
1-2: Foul Ball, location: 2F
1-2: Foul Ball, location: 2F
1-2: Ball
2-2: Foul Ball, location: 2F
2-2: SINGLE (Groundball, 34D, EV 105.0 MPH)
Jamie Ingram to second
Runner from 2nd tries for 3rd, SAFE, throw by RF made to third
Batting: RHB Steve Anderson 0-0: Swinging Strike
0-1: Ball
1-1: Ball
2-1: Fly out, F3 (Popup, 34S, EV 82.5 MPH)
Batting: RHB Joe Kooyers 0-0: Ball
1-0: Foul Ball, location: 2F
1-1: Foul Ball, location: 2F
1-2: Ground out 4-3 (Groundball, 4S, EV 65.6 MPH)
Jamie Ingram scores
Colin Lord to second
Batting: RHB Kagetoki Kawai 0-0: Called Strike
0-1: Ball
1-1: Ball
2-1: Called Strike
2-2: Foul Ball, location: 2F
2-2: Foul Ball, location: 2F
2-2: Foul Ball, location: 2F
2-2: Ball
3-2: Strikes out looking
Top of the 2nd over - 2 runs, 2 hits, 1 error, 1 left on base; Pensacola 2 - Jacksonville 0
BOTTOM OF THE 2ND
Jacksonville Suns batting - Pitching for Pensacola Blue Wahoos : LHP Bill Cooksey
Batting: RHB Tommy Hughes 0-0: Ground out 1-3 (Groundball, 15S, EV 72.5 MPH)
Batting: RHB Katsutaka Inouye 0-0: Foul Ball, location: 2F
0-1: Ground out 4-3 (Groundball, 4, EV 91.9 MPH)
Batting: LHB Jeff Tavella 0-0: Ground out 3-1 (Groundball, 34, EV 85.6 MPH)
Bottom of the 2nd over - 0 runs, 0 hits, 0 errors, 0 left on base; Pensacola 2 - Jacksonville 0
TOP OF THE 3RD
Pensacola Blue Wahoos batting - Pitching for Jacksonville Suns : LHP Evan Baxter
Batting: RHB Solange Le Coq 0-0: Ball
1-0: Called Strike
1-1: Ball
2-1: Foul Ball, location: 2F
2-2: Ball
3-2: Strikes out swinging
Batting: RHB Jon Marquez 0-0: Called Strike
0-1: Ball
1-1: Called Strike
1-2: SINGLE (Groundball, 56, EV 98.1 MPH)
Batting: RHB Bruno André 0-0: Called Strike
0-1: Called Strike
0-2: Ball
1-2: Strikes out swinging
Batting: RHB Danny Real 0-0: Ball
1-0: Ball
Jon Marquez is caught stealing 2nd base 2-4
Top of the 3rd over - 0 runs, 1 hit, 0 errors, 0 left on base; Pensacola 2 - Jacksonville 0
BOTTOM OF THE 3RD
Jacksonville Suns batting - Pitching for Pensacola Blue Wahoos : LHP Bill Cooksey
Batting: LHB Gustavo Patella 0-0: Ball
1-0: Ball
2-0: Foul Ball, location: 2F
2-1: Ball
3-1: Called Strike
3-2: Strikes out swinging
Batting: RHB Wei-guo Tsu 0-0: Foul Ball, location: 2F
0-1: Ball
1-1: Ball
2-1: Called Strike
2-2: Strikes out looking
Batting: RHB Pi-ao Xú 0-0: Ball
1-0: Swinging Strike
1-1: Foul Ball, location: 2F
1-2: Foul Ball, location: 2F
1-2: Strikes out looking
Bottom of the 3rd over - 0 runs, 0 hits, 0 errors, 0 left on base; Pensacola 2 - Jacksonville 0
TOP OF THE 4TH
Pensacola Blue Wahoos batting - Pitching for Jacksonville Suns : LHP Evan Baxter
Batting: RHB Danny Real 0-0: Swinging Strike
0-1: Ground out 6-3 (Groundball, 6, EV 81.9 MPH)
Pitching: RHP Matt Murray
Batting: RHB Jamie Ingram 0-0: Ball
1-0: DOUBLE (Line Drive, 89M, EV 98.8 MPH)
Batting: RHB Colin Lord 0-0: Ball
1-0: Swinging Strike
1-1: Foul Ball, location: 2F
1-2: Foul Ball, location: 2F
1-2: Foul Ball, location: 2F
1-2: Ball
2-2: Strikes out swinging
Batting: RHB Steve Anderson 0-0: Called Strike
0-1: Swinging Strike
0-2: Strikes out looking
Top of the 4th over - 0 runs, 1 hit, 0 errors, 1 left on base; Pensacola 2 - Jacksonville 0
BOTTOM OF THE 4TH
Jacksonville Suns batting - Pitching for Pensacola Blue Wahoos : LHP Bill Cooksey
Batting: LHB Juan Solorzano 0-0: Ball
1-0: Foul Ball, location: 2F
1-1: Ball
2-1: Ground out U3 (Groundball, 3, EV 80.6 MPH)
Batting: RHB Shelby Peddle 0-0: Ball
1-0: Foul Ball, location: 2F
1-1: Called Strike
1-2: Strikes out swinging
Batting: RHB Pat Peterson 0-0: Ball
1-0: Foul Ball, location: 2F
1-1: Ball
2-1: SINGLE (Groundball, 56D, EV 105.0 MPH)
Batting: RHB Tommy Hughes 0-0: Ball
1-0: Foul Ball, location: 2F
1-1: Ball
2-1: Ball
3-1: Base on Balls
Pat Peterson to second
Batting: RHB Katsutaka Inouye 0-0: Called Strike
0-1: Ball
1-1: Ball
2-1: Fly out, F8 (Flyball, 8RM, EV 96.2 MPH)
Bottom of the 4th over - 0 runs, 1 hit, 0 errors, 2 left on base; Pensacola 2 - Jacksonville 0
TOP OF THE 5TH
Pensacola Blue Wahoos batting - Pitching for Jacksonville Suns : RHP Matt Murray
Batting: RHB Joe Kooyers 0-0: Called Strike
0-1: Ball
1-1: Ball
2-1: SINGLE (Line Drive, 89M, EV 93.1 MPH)
Batting: RHB Kagetoki Kawai 0-0: Foul Ball, location: 2F
0-1: Ball
1-1: Ball
2-1: Foul Ball, location: 2F
2-2: Strikes out looking
Batting: RHB Solange Le Coq 0-0: Swinging Strike
0-1: Ball
1-1: Called Strike
1-2: Foul Ball, location: 2F
1-2: Strikes out swinging
Batting: RHB Jon Marquez 0-0: Ball
1-0: Ball
2-0: Ball
3-0: Base on Balls
Joe Kooyers to second
Batting: RHB Bruno André 0-0: Ball
1-0: Foul Ball, location: 2F
1-1: Swinging Strike
1-2: Foul Ball, location: 2F
1-2: Foul Ball, location: 2F
1-2: SINGLE (Groundball, 6D, EV 98.8 MPH)
Joe Kooyers to third
Jon Marquez to second
Runner from 3rd tries for Home, SAFE, throw by LF to home
Batting: RHB Danny Real 0-0: Foul Ball, location: 2F
0-1: Fielders Choice at 2nd, 5-4 (Groundball, 56, EV 80.0 MPH)
Top of the 5th over - 1 run, 2 hits, 0 errors, 2 left on base; Pensacola 3 - Jacksonville 0
BOTTOM OF THE 5TH
Jacksonville Suns batting - Pitching for Pensacola Blue Wahoos : LHP Bill Cooksey
Batting: LHB Jeff Tavella 0-0: Called Strike
0-1: Ball
1-1: Ball
2-1: Ball
3-1: Swinging Strike
3-2: Reached on error, E3 (Popup, 34, EV 71.9 MPH)
Batting: LHB Gustavo Patella 0-0: SINGLE (Groundball, 34D, EV 98.8 MPH)
Jeff Tavella to second
Runner from 2nd tries for 3rd, SAFE, throw by RF made to third
Batting: RHB Wei-guo Tsu 0-0: Ball
1-0: Ball
2-0: Foul Ball, location: 2F
2-1: Called Strike
2-2: Ball
3-2: Foul Ball, location: 2F
3-2: Fly out, F8 (Line Drive, 8RM, EV 101.2 MPH)
Runner from 3rd tags up, SCORES, no throw by CF
Batting: RHB Pi-ao Xú 0-0: Ball
1-0: Called Strike
1-1: Called Strike
1-2: Strikes out swinging
Batting: LHB Juan Solorzano 0-0: Ball
1-0: Called Strike
1-1: Called Strike
1-2: Strikes out swinging
Bottom of the 5th over - 1 run, 1 hit, 1 error, 1 left on base; Pensacola 3 - Jacksonville 1
TOP OF THE 6TH
Pensacola Blue Wahoos batting - Pitching for Jacksonville Suns : RHP Matt Murray
Pitching: RHP Stefan Snel
Batting: RHB Jamie Ingram 0-0: Called Strike
0-1: Ball
1-1: Called Strike
1-2: Ball
2-2: Ball
3-2: Base on Balls
Batting: RHB Colin Lord 0-0: Ball
1-0: Called Strike
1-1: Reached on error, E4 (Groundball, 4M, EV 103.1 MPH)
Jamie Ingram to second
Batting: RHB Steve Anderson 0-0: Ball
1-0: Ball
2-0: Grounds into double play, 6-4-3 (Groundball, 6, EV 102.5 MPH)
Jamie Ingram to third
Batting: RHB Joe Kooyers 0-0: Intentional Walk
Batting: RHB Kagetoki Kawai 0-0: Foul Ball, location: 2F
0-1: Called Strike
0-2: Ground out U3 (Groundball, 34S, EV 84.4 MPH)
Top of the 6th over - 0 runs, 0 hits, 1 error, 2 left on base; Pensacola 3 - Jacksonville 1
BOTTOM OF THE 6TH
Jacksonville Suns batting - Pitching for Pensacola Blue Wahoos : LHP Bill Cooksey
Batting: RHB Shelby Peddle 0-0: Called Strike
0-1: Called Strike
0-2: Ball
1-2: Strikes out swinging
Batting: RHB Pat Peterson 0-0: Ground out 5-3 (Groundball, 56S, EV 88.8 MPH)
Batting: RHB Tommy Hughes 0-0: Ball
1-0: Ground out 4-3 (Groundball, 4, EV 91.9 MPH)
Bottom of the 6th over - 0 runs, 0 hits, 0 errors, 0 left on base; Pensacola 3 - Jacksonville 1
TOP OF THE 7TH
Pensacola Blue Wahoos batting - Pitching for Jacksonville Suns : RHP Stefan Snel
Pitching: RHP Javy Balderrama
Batting: RHB Solange Le Coq 0-0: Ball
1-0: Ball
2-0: Called Strike
2-1: Ball
3-1: Reached on error, E5 (Groundball, 56, EV 83.1 MPH)
Batting: RHB Jon Marquez 0-0: Foul Ball, location: 2F
0-1: Ball
1-1: Ball
2-1: Swinging Strike
2-2: Foul Ball, location: 2F
2-2: Ball
3-2: Strikes out swinging
Batting: RHB Bruno André 0-0: Intentional Walk
Batting: RHB Danny Real 0-0: Foul Ball, location: 2F
0-1: Ball
1-1: Called Strike
Solange Le Coq steals 3rd base
Bruno André to second
1-2: Foul Ball, location: 2F
1-2: Foul Ball, location: 2F
1-2: Ball
2-2: Ball
3-2: Intentional Walk
Pitching: RHP Pat Siebert
Batting: RHB Jamie Ingram 0-0: Called Strike
0-1: Ball
1-1: SINGLE (Groundball, 56, EV 100.6 MPH)
Solange Le Coq scores
Bruno André to third
Danny Real to second
Runner from 3rd tries for Home, SAFE, throw by LF to home
Batting: RHB Colin Lord 0-0: Ball
1-0: Ball
2-0: Ball
3-0: Base on Balls
Danny Real to third
Jamie Ingram to second
Batting: RHB Steve Anderson 0-0: Foul Ball, location: 2F
0-1: GRAND SLAM HOME RUN (Flyball, 7LD, EV 98.8 MPH), Distance : 379 ft
Batting: RHB Joe Kooyers 0-0: Called Strike
0-1: Called Strike
0-2: Ball
1-2: Foul Ball, location: 2F
1-2: Strikes out looking
Batting: RHB Kagetoki Kawai 0-0: Ball
1-0: Foul Ball, location: 2F
1-1: Foul Ball, location: 2F
1-2: Foul Ball, location: 2F
1-2: Ball
2-2: Strikes out swinging
Top of the 7th over - 6 runs, 2 hits, 1 error, 0 left on base; Pensacola 9 - Jacksonville 1
BOTTOM OF THE 7TH
Jacksonville Suns batting - Pitching for Pensacola Blue Wahoos : LHP Bill Cooksey
Batting: RHB Katsutaka Inouye 0-0: Ball
1-0: Ball
2-0: Foul Ball, location: 2F
2-1: Ball
3-1: Called Strike
3-2: Strikes out swinging
Batting: LHB Jeff Tavella 0-0: Called Strike
0-1: Foul Ball, location: 2F
0-2: Ball
1-2: Ground out 4-3 (Groundball, 4, EV 86.2 MPH)
Batting: LHB Gustavo Patella 0-0: Called Strike
0-1: Ball
1-1: Foul Ball, location: 2F
1-2: Ground out 4-3 (Groundball, 4, EV 105.0 MPH)
Bottom of the 7th over - 0 runs, 0 hits, 0 errors, 0 left on base; Pensacola 9 - Jacksonville 1
TOP OF THE 8TH
Pensacola Blue Wahoos batting - Pitching for Jacksonville Suns : RHP Pat Siebert
Batting: RHB Solange Le Coq 0-0: Fly out, F8 (Flyball, 8RM, EV 90.0 MPH)
Batting: RHB Jon Marquez 0-0: Ball
1-0: Ground out 4-3 (Groundball, 4M, EV 76.9 MPH)
Batting: RHB Bruno André 0-0: Ball
1-0: Ball
2-0: Foul Ball, location: 2F
2-1: Ball
3-1: Foul Ball, location: 2F
3-2: Strikes out swinging
Top of the 8th over - 0 runs, 0 hits, 0 errors, 0 left on base; Pensacola 9 - Jacksonville 1
BOTTOM OF THE 8TH
Jacksonville Suns batting - Pitching for Pensacola Blue Wahoos : LHP Bill Cooksey
Pitching: LHP Mario Arango
Batting: RHB Wei-guo Tsu 0-0: Swinging Strike
0-1: Fly out, F4 (Flyball, 34D, EV 86.2 MPH)
Batting: RHB Pi-ao Xú 0-0: Foul Ball, location: 2F
0-1: Called Strike
0-2: Foul Ball, location: 2F
0-2: Foul Ball, location: 2F
0-2: Ball
1-2: Ball
2-2: Ball
3-2: Strikes out swinging
Batting: LHB Juan Solorzano 0-0: Ball
1-0: Ball
2-0: Called Strike
2-1: Ball
3-1: Called Strike
3-2: Ground out 4-3 (Groundball, 4, EV 83.8 MPH)
Bottom of the 8th over - 0 runs, 0 hits, 0 errors, 0 left on base; Pensacola 9 - Jacksonville 1
TOP OF THE 9TH
Pensacola Blue Wahoos batting - Pitching for Jacksonville Suns : RHP Pat Siebert
Pitching: RHP Reinaart Meyer
Batting: RHB Danny Real 0-0: Ball
1-0: Ball
2-0: Swinging Strike
2-1: Foul Ball, location: 2F
2-2: Foul Ball, location: 2F
2-2: Foul Ball, location: 2F
2-2: Foul Ball, location: 2F
2-2: Strikes out swinging
Batting: RHB Jamie Ingram 0-0: Ball
1-0: Ball
2-0: Foul Ball, location: 2F
2-1: Foul Ball, location: 2F
2-2: Fly out, F8 (Flyball, 8RM, EV 88.8 MPH)
Batting: RHB Colin Lord 0-0: Ball
1-0: Ball
2-0: Ball
3-0: Called Strike
3-1: Base on Balls
Batting: RHB Steve Anderson 0-0: Called Strike
0-1: TRIPLE (Groundball, 3L, EV 105.6 MPH)
Colin Lord scores
Batting: RHB Joe Kooyers 0-0: Called Strike
0-1: Ground out 6-3 (Groundball, 6, EV 88.8 MPH)
Top of the 9th over - 1 run, 1 hit, 0 errors, 1 left on base; Pensacola 10 - Jacksonville 1
BOTTOM OF THE 9TH
Jacksonville Suns batting - Pitching for Pensacola Blue Wahoos : LHP Mario Arango
Batting: RHB Shelby Peddle 0-0: Swinging Strike
0-1: Swinging Strike
0-2: Foul Ball, location: 2F
0-2: Ball
1-2: Ball
2-2: Strikes out swinging
Batting: RHB Pat Peterson 0-0: Ground out 5-3 (Groundball, 56S, EV 63.1 MPH)
Batting: RHB Tommy Hughes 0-0: Called Strike
0-1: Ball
1-1: Called Strike
1-2: Ball
2-2: Strikes out looking
Bottom of the 9th over - 0 runs, 0 hits, 0 errors, 0 left on base; Pensacola 10 - Jacksonville 1
Wednesday, June 22nd , 2022 - OOTP Baseball 23.4 Build 64